 Dungeon Crawl Stone Soup version 0.18.1-5-g4a78601 (webtiles) character file.

70285 Mefis the Thaumaturge (level 14, -2/72 HPs)
             Began as a Deep Elf Wizard on May 12, 2016.
             Was a High Priest of Sif Muna.
             Slain by a wolf spider (3 damage)
             ... on level 1 of the Spider Nest.
             The game lasted 03:59:33 (40774 turns).

Mefis the Thaumaturge (Deep Elf Wizard)            Turns: 40774, Time: 03:59:34

Health: -2/72      AC:  8    Str:  8    XL:     14   Next: 93%
Magic:  5/34       EV: 17    Int: 27    God:    Sif Muna [*****.]
Gold:   1192       SH:  5    Dex: 14    Spells: 12 memorised, 0 levels left

rFire  . . .     SeeInvis .     a - +11 hand axe of Ruolu {chop, rPois rN+++ MR-}
rCold  . . .     Gourm    .     R - +1 robe "Diweics" {rN+ Regen+ Dex-4}
rNeg   + + +     Faith    .     (no shield)
rPois  +         Spirit   .     z - +0 hat
rElec  .         Dismiss  .     P - +0 cloak
rCorr  .         Reflect  +     p - +2 pair of gloves
SustAt .         Harm     .     L - +0 pair of boots of Spite {Slay+3}
MR     .....                    d - +5 amulet of reflection
Stlth  ++++......               S - +5 ring of dexterity (curse)
                                n - +2 ring of strength

@: repel missiles, not resistant to hostile enchantments, stealthy
A: no striking features
a: Channel Energy, Forget Spell, Renounce Religion


You were on level 1 of the Spider Nest.
You worshipped Sif Muna.
Sif Muna was extremely pleased with you.
You were not hungry.

You visited 3 branches of the dungeon, and saw 21 of its levels.
You also visited: Labyrinth and Sewer.

You collected 1507 gold pieces.
You spent 315 gold pieces at shops.

Inventory:

Hand Weapons
 a - the +11 hand axe of Ruolu (weapon) {chop, rPois rN+++ MR-}
   (You found it in a labyrinth)

   It inflicts extra damage upon your enemies.
   It protects you from poison.
   It renders you almost immune to negative energy.
   It affects your resistance to hostile enchantments.
 u - a cursed -1 blowgun
 x - a +1 longbow of flaming
Missiles
 Q - 324 arrows
Armour
 p - a +2 pair of gloves (worn)
 z - a +0 hat (worn)
 L - the +0 pair of boots of Spite (worn) {Slay+3}
   (You found it on level 7 of the Dungeon)

   It affects your accuracy and damage with ranged weapons and melee attacks
   (+3).
 P - a +0 cloak (worn)
 R - the +1 robe "Diweics" (worn) {rN+ Regen+ Dex-4}
   (You found it on level 1 of the Lair of Beasts)

   It affects your dexterity (-4).
   It protects you from negative energy.
   It increases your rate of regeneration.
Magical Staves
 b - an uncursed staff of conjuration
Jewellery
 d - a +5 amulet of reflection (around neck)
 e - an uncursed ring of protection from magic
 n - a +2 ring of strength (left hand)
 S - a cursed +5 ring of dexterity (right hand)
 V - an uncursed ring of stealth
Scrolls
 j - 14 scrolls of remove curse
 y - 4 scrolls of blinking
 H - a scroll of recharging
 N - 3 scrolls of magic mapping
Potions
 k - 4 potions of magic
 l - 5 potions of haste
 r - 5 potions of cancellation
 t - 2 potions of heal wounds
 E - 3 potions of brilliance
 G - 2 potions of invisibility
 I - 4 potions of agility
 T - 2 potions of curing
Books
 c - Sif Muna's Incunabulum of Unholy Confrontation
   (Sif Muna gifted it to you on level 12 of the Dungeon)

   Spells                             Type                      Level
   a - Searing Ray                    Conjuration                  2
   b - Stone Arrow                    Conjuration/Earth            3
   c - Lightning Bolt                 Conjuration/Air              5
   d - Venom Bolt                     Conjuration/Poison           5
   e - Orb of Destruction             Conjuration                  7
 o - Sif Muna's Reference Book on Conjuration
   (Sif Muna gifted it to you on level 5 of the Lair of Beasts)

   Spells                             Type                      Level
   a - Searing Ray                    Conjuration                  2
   b - Bolt of Magma                  Conjuration/Fire/Earth       5
   c - Conjure Ball Lightning         Conjuration/Air              6
 B - a book of the Sky

   Spells                             Type                      Level
   a - Summon Lightning Spire         Summoning/Air                4
   b - Airstrike                      Air                          4
   c - Silence                        Hexes/Air                    5
   d - Deflect Missiles               Charms/Air                   6
   e - Conjure Ball Lightning         Conjuration/Air              6
   f - Tornado                        Air                          9
 C - a book of Unlife

   Spells                             Type                      Level
   a - Recall                         Summoning/Translocation      3
   b - Animate Dead                   Necromancy                   4
   c - Control Undead                 Necromancy                   4
   d - Cigotuvi's Embrace             Necromancy                   5
   e - Death Channel                  Necromancy                   6
   f - Simulacrum                     Ice/Necromancy               6
 U - a book of Death

   Spells                             Type                      Level
   a - Corpse Rot                     Necromancy                   2
   b - Sublimation of Blood           Necromancy                   2
   c - Agony                          Necromancy                   5
   d - Dispel Undead                  Necromancy                   5
   e - Excruciating Wounds            Charms/Necromancy            5
   f - Bolt of Draining               Conjuration/Necromancy       5
 W - a book of Ice

   Spells                             Type                      Level
   a - Ice Form                       Ice/Transmutation            4
   b - Metabolic Englaciation         Hexes/Ice                    5
   c - Ozocubu's Refrigeration        Ice                          6
   d - Bolt of Cold                   Conjuration/Ice              6
   e - Freezing Cloud                 Conjuration/Ice/Air          6
   f - Simulacrum                     Ice/Necromancy               6
 X - a book of Party Tricks

   Spells                             Type                      Level
   a - Summon Butterflies             Summoning                    1
   b - Apportation                    Translocation                1
   c - Tukima's Dance                 Hexes                        3
   d - Alistair's Intoxication        Transmutation/Poison         5
   e - Invisibility                   Hexes                        6
 Y - a book of Minor Magic

   Spells                             Type                      Level
   a - Magic Dart                     Conjuration                  1
   b - Blink                          Translocation                2
   c - Call Imp                       Summoning                    2
   d - Repel Missiles                 Charms/Air                   2
   e - Slow                           Hexes                        2
   f - Conjure Flame                  Conjuration/Fire             3
   g - Mephitic Cloud                 Conjuration/Poison/Air       3
Comestibles
 f - 21 fruits
 g - a slice of pizza
 h - 2 beef jerkies
 i - 2 meat rations
 m - 2 chunks of flesh
 q - 2 royal jellies


   Skills:
 - Level 2.3 Fighting
   Level 2.9 Long Blades
 - Level 3.4 Axes
 - Level 2.0 Staves
 - Level 4.0 Armour
 - Level 9.5 Dodging
 - Level 7.4 Stealth
 * Level 14.1 Spellcasting
 + Level 14.0 Conjurations
 + Level 10.6 Hexes
 + Level 3.7 Charms
 + Level 6.8 Summonings
 + Level 7.2 Necromancy
 + Level 3.1 Translocations
   Level 5.8 Fire Magic
 - Level 4.6 Air Magic
 + Level 6.1 Poison Magic
 * Level 7.2 Invocations


You couldn't memorise any spells.
You knew the following spells:

 Your Spells              Type           Power        Failure   Level  Hunger
a - Summon Lightning Spi  Summ/Air       ######..     2%          4    None
b - Summon Butterflies    Summ           ######..     1%          1    None
c - Blink                 Tloc           N/A          1%          2    None
d - Orb of Destruction    Conj           #######...   10%         7    ######.
e - Mephitic Cloud        Conj/Pois/Air  ######..     1%          3    None
g - Slow                  Hex            ######..     1%          2    None
l - Shroud of Golubria    Chrm/Tloc      #####.....   1%          2    None
o - Cigotuvi's Embrace    Necr           ######....   4%          5    #......
p - Repel Missiles        Chrm/Air       #####.       1%          2    None
q - Corpse Rot            Necr           N/A          1%          2    None
s - Venom Bolt            Conj/Pois      ######....   1%          5    #......
v - Invisibility          Hex            ######..     8%          6    ####...


Dungeon Overview and Level Annotations

Branches:
Dungeon (12/15)            Temple (0/1) D:5            Lair (8/8) D:8
 Shoals (0/4) Lair:6       Spider (1/4) Lair:5        Slime (0/6) Lair:8
    Orc (0/2) D:12

Altars:
Cheibriados
Dithmenos
Elyvilon
Makhleb
Pakellas
Ru
Sif Muna
Xom
Zin
The Shining One
Jiyva

Shops:
D:11 *

Portals:
Hell: Lair:8

Annotations:
D:11 exclusion: downstairs
D:12 Statics's ghost, journeyman HOFi
Lair:3 lava lake


Message History

The wolf spider is moderately wounded.
The wolf spider misses you. The wolf spider bites you!
You barely miss the wolf spider.
The wolf spider is moderately wounded.
The wolf spider hits you! The wolf spider closely misses you.
The wolf spider hits you!
* * * LOW HITPOINT WARNING * * *
The wolf spider bites you.
* * * LOW HITPOINT WARNING * * *
Press: ? - help, v - describe, . - travel
Here: a wolf spider (moderately wounded)
The floor.
Press: ? - help, v - describe, . - travel
Here: a wolf spider (moderately wounded)
The floor.
Drink which item? (? for menu, Esc to quit)
You feel better. The wolf spider hits you!!
* * * LOW HITPOINT WARNING * * *
The wolf spider bites you.
You die...

#.# ####...≈≈#≈≈#..#.^..
...### #.......≈≈≈#........
......##.......≈≈.≈........
...^.....#..%..#...........
#..........%....^.......
..##......#................
...........#...............
........%..................
.........s@................
.........%%................
≈≈...............#.........
##...%%....................
#^........#.......#.......
.≈.>.#.......#............
......#≈≈...............#≈
......≈≈.............=.≈≈
...#......#............#≈


You could see a wolf spider.

Vanquished Creatures
  Kirke (D:12)
  Maud (Lair:5)
  Nessos (Lair:5)
  A minotaur (Lab)
  4 hydras
  An ogre mage (D:12)
  4 death yaks (Lair:8)
  The ghost of PeterLawrence the Basher, a novice MiFi of Okawaru (D:8)
  A wizard (Lair:8)
  3 orb spiders (Spider:1)
  4 lindwurms (Lair:3)
  8 griffons
  3 hill giants
  14 elephants
  A manticore (Lair:6)
  A sixfirhy (Lair:8)
  6 orange demons (Lair:8)
  A smoke demon (Lair:8)
  4 black mambas
  24 spiny frogs
  4 rime drakes
  8 komodo dragons
  3 demonic crawlers (Spider:1)
  A hellwing (Lair:8)
  2 ice devils (Lair:8)
  5 jumping spiders (Spider:1)
  2 trolls
  3 two-headed ogres
  A wolf spider simulacrum (D:10)
  6 slime creatures (D:12)
  17 blink frogs
  4 redbacks (Spider:1)
  4 tarantellas (Spider:1)
  A spriggan (D:7)
  A shadow (D:11)
  3 basilisks
  4 wyverns
  A hungry ghost (D:12)
  42 yaks
  Eustachio (D:4)
  A steam dragon (D:10)
  12 hippogriffs
  16 water moccasins
  Duvessa (D:5)
  2 hell hounds (Lair:8)
  4 ice beasts
  18 porcupines
  2 sky beasts
  4 orc warriors
  Purgy (Sewer)
  A wasp (D:11)
  5 phantoms
  3 black bears
  7 centaurs
  9 ogres
  20 crocodiles
  3 big kobolds
  18 giant frogs
  A wyvern skeleton (D:10)
  Dowan (D:5)
  5 scorpions
  8 killer bees
  7 wights
  5 howler monkeys
  8 crimson imps
  A quasit (D:8)
  5 centaur zombies
  6 hounds
  3 jellies
  3 giant frog zombies
  4 orc priests
  2 giant frog skeletons
  12 orc wizards
  13 iguanas
  9 worker ants
  10 hell rats (Lair:5)
  20 sheep
  2 worker ant zombies
  A howler monkey zombie (D:6)
  13 gnolls
  13 adders
  82 river rats
  An ooze (D:2)
  2 adder zombies
  3 adder skeletons
  5 worms
  3 dart slugs
  10 giant geckos
  51 orcs
  8 giant cockroaches
  7 goblins
  6 hobgoblins
  18 jackals
  21 kobolds
  3 quokkas
  3 ball pythons
  12 bats
  11 giant newts
  3 jackal skeletons
  A quokka zombie (D:7)
  21 rats
  4 fungi
  11 plants
762 creatures vanquished.

Vanquished Creatures (collateral kills)
  A redback (Spider:1)
  A black bear (D:6)
  A wight (D:6)
  The ghost of epen the Skirmisher, a weakling DsAK of Lugonu (D:3)
  An iguana (D:2)
5 creatures vanquished.

Vanquished Creatures (others)
  4 humans (D:12)
  A killer bee (D:8)
  36 fungi
  24 plants
65 creatures vanquished.

Grand Total: 832 creatures vanquished

Notes
Turn   | Place    | Note
--------------------------------------------------------------
     0 | D:1      | Mefis the Deep Elf Wizard began the quest for the Orb.
     0 | D:1      | Reached XP level 1. HP: 10/10 MP: 7/7
   222 | D:1      | Reached XP level 2. HP: 15/15 MP: 0/9
   301 | D:1      | Learned a level 2 spell: Call Imp
   304 | D:1      | Learned a level 2 spell: Blink
   307 | D:1      | Learned a level 2 spell: Repel Missiles
   713 | D:2      | Reached XP level 3. HP: 10/19 MP: 3/11
   718 | D:2      | Learned a level 3 spell: Mephitic Cloud
  1615 | D:2      | Reached XP level 4. HP: 13/24 MP: 0/12
  1905 | D:2      | Reached skill level 1 in Poison Magic
  2245 | D:2      | Found a glowing silver altar of Zin.
  2245 | D:2      | Found a deep blue altar of Sif Muna.
  2245 | D:2      | Found a shadowy altar of Dithmenos.
  2245 | D:2      | Found a shimmering altar of Xom.
  2252 | D:2      | Became a worshipper of Sif Muna the Loreminder
  2263 | D:2      | Found a glowing golden altar of the Shining One.
  2266 | D:2      | Found an oddly glowing altar of Pakellas.
  2447 | D:2      | Reached skill level 5 in Spellcasting
  2869 | D:3      | Reached XP level 5. HP: 28/28 MP: 5/14
  2931 | D:3      | Learned a level 3 spell: Conjure Flame
  3287 | D:3      | Found a snail-covered altar of Cheibriados.
  3348 | D:3      | Noticed epen's ghost (weakling DsAK)
  3592 | D:3      | Killed epen's ghost
  3867 | D:4      | Noticed Eustachio
  3890 | D:4      | Killed Eustachio
  3890 | D:4      | Reached skill level 1 in Fire Magic
  3890 | D:4      | Reached XP level 6. HP: 32/32 MP: 1/15
  4069 | D:4      | Found a sacrificial altar of Ru.
  5016 | D:4      | Reached * piety under Sif Muna
  5016 | D:4      | Reached XP level 7. HP: 36/36 MP: 8/17
  5476 | D:5      | Entered Level 5 of the Dungeon
  5589 | D:5      | Noticed Duvessa
  5591 | D:5      | Noticed Dowan
  5598 | D:5      | Killed Duvessa
  5605 | D:5      | Killed Dowan
  5804 | D:5      | Reached skill level 1 in Long Blades
  5826 | D:5      | Found a glowing drain.
  5879 | Sewer    | Entered a sewer
  6000 | Sewer    | Noticed Purgy
  6101 | Sewer    | Killed Purgy
  6101 | Sewer    | Reached XP level 8. HP: 38/42 MP: 3/18
  6445 | D:5      | Reached skill level 5 in Stealth
  6451 | D:5      | Reached skill level 1 in Fighting
  6671 | D:5      | Found a staircase to the Ecumenical Temple.
  6819 | D:5      | Reached ** piety under Sif Muna
  6874 | D:5      | Reached skill level 5 in Conjurations
  7555 | D:6      | Reached skill level 5 in Dodging
  8040 | D:6      | Reached XP level 9. HP: 22/48 MP: 14/21
  8813 | D:6      | Reached skill level 5 in Summonings
  9813 | D:6      | Learned a level 2 spell: Slow
  9903 | D:6      | Reached *** piety under Sif Muna
 10033 | D:6      | Found an oddly glowing altar of Pakellas.
 10082 | D:6      | Reached skill level 1 in Hexes
 10289 | D:7      | Got a pair of translucent boots
 10295 | D:7      | Identified the cursed +0 pair of boots of Spite {Slay+3} (You found it on level 7 of the Dungeon)
 10651 | D:8      | Noticed PeterLawrence's ghost (novice MiFi)
 10749 | D:8      | Reached skill level 5 in Fire Magic
 11054 | D:8      | Found a staircase to the Lair.
 11071 | D:8      | Reached skill level 5 in Poison Magic
 11698 | D:7      | Reached XP level 10. HP: 53/53 MP: 7/23
 12381 | Lair:1   | Entered Level 1 of the Lair of Beasts
 12664 | D:8      | Reached skill level 1 in Invocations
 12883 | D:8      | Killed PeterLawrence's ghost
 12883 | D:8      | Reached **** piety under Sif Muna
 12883 | D:8      | Reached skill level 1 in Charms
 15224 | D:9      | Reached skill level 1 in Air Magic
 15455 | D:10     | Entered Level 10 of the Dungeon
 15541 | D:10     | Found a white marble altar of Elyvilon.
 15802 | D:10     | Reached ***** piety under Sif Muna
 15937 | D:10     | Reached skill level 1 in Armour
 16032 | D:10     | Noticed a hill giant
 16136 | D:10     | Killed a hill giant
 16522 | D:10     | Reached XP level 11. HP: 26/57 MP: 21/25
 16661 | D:10     | Noticed a hill giant
 16747 | D:10     | Killed a hill giant
 17297 | D:10     | Learned a level 2 spell: Swiftness
 17301 | D:10     | Learned a level 3 spell: Static Discharge
 17307 | D:10     | Learned a level 5 spell: Lightning Bolt
 17578 | D:11     | Found Upnecw's General Store.
 17604 | D:11     | Bought a potion of invisibility for 144 gold pieces
 17604 | D:11     | Bought a scroll of identify for 36 gold pieces
 17604 | D:11     | Bought a scroll of enchant weapon for 135 gold pieces
 17745 | D:11     | Noticed a purple ugly thing
 18254 | D:11     | Got an iridescent flail
 18255 | D:11     | Identified the +6 flail "Deunlium" {freeze, rN+ Str-3 Int+3} (You found it on level 11 of the Dungeon)
 19263 | D:12     | Noticed an ogre mage
 19788 | Lair:1   | Got a steaming robe
 19799 | Lair:1   | Identified the +1 robe "Diweics" {rN+ Regen+ Dex-4} (You found it on level 1 of the Lair of Beasts)
 20408 | Lair:1   | Reached skill level 5 in Hexes
 20985 | Lair:2   | Noticed an eight-headed hydra
 20990 | Lair:2   | Killed an eight-headed hydra
 21188 | Lair:2   | Reached skill level 5 in Invocations
 21740 | Lair:2   | Reached ****** piety under Sif Muna
 22105 | D:12     | Noticed a hill giant
 22115 | D:12     | Killed a hill giant
 22115 | D:12     | Reached XP level 12. HP: 62/62 MP: 1/27
 22147 | D:12     | Noticed a six-headed hydra
 22399 | D:12     | Received a gift from Sif Muna
 22400 | D:12     | Identified Sif Muna's Incunabulum of Unholy Confrontation (Sif Muna gifted it to you on level 12 of the Dungeon)
 22443 | D:12     | Learned a level 5 spell: Venom Bolt
 22525 | D:12     | Noticed Kirke
 22529 | D:12     | Found a staircase to the Orcish Mines.
 22534 | D:12     | Killed Kirke
 22534 | D:12     | Reached skill level 10 in Spellcasting
 22751 | D:12     | Killed an ogre mage
 22756 | D:12     | Noticed Statics's ghost (journeyman HOFi)
 23009 | D:11     | Killed a six-headed hydra
 23845 | D:12     | Learned a level 2 spell: Shroud of Golubria
 24187 | Lair:2   | Reached skill level 10 in Conjurations
 25141 | Lair:2   | HP: 3/62 [poisoned by a water moccasin]
 25146 | Lair:2   | HP: 2/62 [poisoned by a water moccasin]
 25151 | Lair:2   | HP: 2/62 [poisoned by a water moccasin]
 25156 | Lair:2   | HP: 3/62 [poisoned by a water moccasin]
 25993 | Lair:3   | Received a gift from Sif Muna
 26000 | Lair:3   | Learned a level 1 spell: Summon Butterflies
 26010 | Lair:3   | Learned a level 6 spell: Invisibility
 26014 | Lair:3   | Learned a level 3 spell: Tukima's Dance
 27157 | Lair:3   | Reached XP level 13. HP: 67/67 MP: 10/30
 28041 | Lair:4   | Got a bloodstained halberd
 28042 | Lair:4   | Identified the cursed +1 halberd of Responsibility {drain, rPois} (You found it on level 4 of the Lair of Beasts)
 29686 | Lair:5   | Noticed Nessos
 30375 | Lair:5   | Found a hole to the Spider Nest.
 30387 | Lair:5   | Noticed Maud
 30397 | Lair:5   | Killed Maud
 30570 | Lair:5   | Killed Nessos
 30570 | Lair:5   | Received a gift from Sif Muna
 30571 | Lair:5   | Identified Sif Muna's Reference Book on Conjuration (Sif Muna gifted it to you on level 5 of the Lair of Beasts)
 31667 | Lair:6   | Found a staircase to the Shoals.
 32373 | Lair:6   | Reached skill level 10 in Hexes
 33355 | Lair:7   | Found a labyrinth entrance.
 33428 | Lab      | Entered a labyrinth
 34459 | Lab      | Noticed a minotaur
 34479 | Lab      | Killed a minotaur
 34511 | Lab      | Got an ancient morningstar
 34519 | Lab      | Identified the +8 morningstar "Ziboahoruh" {vamp, rC+} (You found it in a labyrinth)
 34528 | Lab      | Got a steaming hand axe
 34532 | Lab      | Identified the +11 hand axe of Ruolu {chop, rPois rN+++ MR-} (You found it in a labyrinth)
 34691 | Lair:1   | Learned a level 2 spell: Corpse Rot
 34699 | Lair:1   | Learned a level 7 spell: Orb of Destruction
 35274 | Lair:7   | Reached XP level 14. HP: 72/72 MP: 18/33
 35826 | Lair:7   | Reached skill level 1 in Necromancy
 35979 | Lair:7   | Reached skill level 1 in Staves
 36190 | Lair:7   | Reached skill level 1 in Axes
 36723 | Lair:8   | Entered Level 8 of the Lair of Beasts
 36816 | Lair:8   | Learned a level 4 spell: Summon Lightning Spire
 37456 | Lair:8   | Found a staircase to the Slime Pits.
 37456 | Lair:8   | Found a viscous altar of Jiyva.
 38032 | Lair:8   | Reached skill level 5 in Necromancy
 38178 | Lair:8   | Received a gift from Sif Muna
 38787 | Lair:8   | Found a burning altar of Makhleb.
 38840 | Lair:8   | Noticed an acid blob
 39757 | Lair:8   | Found a gateway to Hell.
 40058 | Lair:1   | Learned a level 5 spell: Cigotuvi's Embrace
 40169 | Spider:1 | Entered Level 1 of the Spider Nest
 40544 | Spider:1 | Learned a level 4 spell: Summon Lightning Spire
 40774 | Spider:1 | HP: 1/72 [wolf spider (18)]
 40774 | Spider:1 | Slain by a wolf spider

Skill      XL: |  1  2  3  4  5  6  7  8  9 10 11 12 13 14 |
---------------+-------------------------------------------+-----
Conjurations   | 2 3 4 5 6 7 11 13 14 | 14.0
Stealth        | 3 4 5 6 7 |  7.4
Summonings     | 2 3 4 5 6 |  6.8
Dodging        | 3 4 5 6 7 8 9 |  9.5
Poison Magic   | 1 2 3 4 5 6 |  6.1
Spellcasting   | 5 6 7 8 9 11 13 14 | 14.1
Fire Magic     | 1 2 3 5 |  5.8
Long Blades    | 1 2 |  2.9
Fighting       | 1 2 |  2.3
Hexes          | 2 4 5 10 | 10.6
Invocations    | 3 5 7 |  7.2
Charms         | 3 |  3.7
Air Magic      | 1 4 |  4.6
Translocations | 2 3 |  3.1
Armour         | 1 4 |  4.0
Necromancy     | 7 |  7.2
Staves         | 2 |  2.0
Axes           | 3 |  3.4

Action                   |  1- 3 |  4- 6 |  7- 9 | 10-12 | 13-15 || total
-------------------------+-------+-------+-------+-------+-------++-------
Melee: Dagger            |    16 |     5 |       |     2 |       ||    23
       Rapier            |       |     7 |       |       |       ||     7
       Falchion          |       |       |    36 |       |       ||    36
       Long sword        |       |       |    10 |   137 |       ||   147
       Flail             |       |       |       |   154 |   166 ||   320
       Staff             |       |       |       |       |    17 ||    17
       Hand axe          |       |       |       |       |   156 ||   156
 Fire: Shortbow          |       |       |    26 |    85 |       ||   111
       Blowgun           |       |       |    12 |       |       ||    12
Throw: Javelin           |       |       |     3 |       |       ||     3
 Cast: Magic Dart        |    89 |   187 |   472 |   480 |   133 ||  1361
       Repel Missiles    |     1 |       |     2 |     1 |       ||     4
       Call Imp          |     2 |     9 |     6 |     7 |       ||    24
       Mephitic Cloud    |       |     5 |    37 |    38 |     7 ||    87
       Conjure Flame     |       |     1 |    17 |    48 |       ||    66
       Blink             |       |       |     2 |    17 |    12 ||    31
       Lightning Bolt    |       |       |       |    93 |    54 ||   147
       Static Discharge  |       |       |       |     6 |       ||     6
       Slow              |       |       |       |     4 |     1 ||     5
       Venom Bolt        |       |       |       |    51 |   190 ||   241
       Swiftness         |       |       |       |     2 |     7 ||     9
       Shroud of Golubri |       |       |       |     1 |     5 ||     6
       Orb of Destructio |       |       |       |       |    47 ||    47
       Invisibility      |       |       |       |       |     7 ||     7
       Tukima's Dance    |       |       |       |       |     1 ||     1
       Summon Lightning  |       |       |       |       |     5 ||     5
       Cigotuvi's Embrac |       |       |       |       |     2 ||     2
Invok: Channel Energy    |       |       |       |    95 |    80 ||   175
       Forget Spell      |       |       |       |     3 |     5 ||     8
  Use: Scroll            |       |     4 |     6 |    22 |     8 ||    40
       Potion            |       |       |     4 |     1 |     5 ||    10
 Stab: Sleeping          |       |     2 |     3 |     7 |     6 ||    18
       Confused          |       |     1 |     5 |     3 |       ||     9
       Distracted        |       |       |       |     1 |     1 ||     2
       Invisible         |       |       |       |       |     2 ||     2
  Eat: Chunk             |     2 |    10 |    13 |    33 |    23 ||    81
       Bread ration      |       |       |     2 |     9 |     5 ||    16
       Pizza             |       |       |       |     3 |     3 ||     6
       Fruit             |       |       |       |       |     9 ||     9
       Meat ration       |       |       |       |       |     6 ||     6
Armor: Robe              |     4 |     5 |    17 |    42 |    89 ||   157
       Troll leather arm |       |       |       |    69 |       ||    69
Dodge: Dodged            |    38 |    36 |   142 |   329 |   349 ||   894
       Deflected         |     1 |       |     7 |       |     2 ||    10
Block: Other             |       |       |       |    10 |   103 ||   113
       Reflection        |       |       |       |       |     2 ||     2
